 Dungeon Crawl Stone Soup version 0.28.0-53-g5a82cb258f (webtiles) character file.

Game seed: 2507416437201973134

531 PentaManta the Transmogrifier (level 7, 0/51 HPs)
             Began as a Merfolk Transmuter on June 6, 2022.
             Was an Initiate of Makhleb.
             Slain by Duvessa
             ... wielding a +0 short sword
              (6 damage)
             ... on level 4 of the Dungeon.
             The game lasted 00:10:28 (5415 turns).

PentaManta the Transmogrifier (Merfolk Transmuter)  Turns: 5415, Time: 00:10:28

Health: 0/51       AC:  2    Str: 10    XL:     7   Next: 24%
Magic:  7/10       EV: 25    Int: 15    God:    Makhleb [......]
Gold:   159        SH:  0    Dex: 19    Spells: 6/10 levels left

rFire   . . .      SeeInvis .     - Unarmed
rCold   . . .      Faith    .   (shield currently unavailable)
rNeg    . . .      Spirit   .   (armour currently unavailable)
rPois   x          Reflect  .   (helmet currently unavailable)
rElec   .          Harm     .   (cloak currently unavailable)
rCorr   .          Rampage  .   (gloves currently unavailable)
Will    .....                   (boots currently unavailable)
Stlth   ++........              (no amulet)
HPRegen 0.17/turn               s - +4 ring of evasion
MPRegen 0.12/turn               (no ring)

@: spider-form
A: venomous fangs, tiny, (nimble swimmer 2), (mertail)
a: End Transformation, Renounce Religion


You were on level 4 of the Dungeon.
You worshipped Makhleb.
Makhleb was noncommittal.
You were a venomous arachnid creature.
You visited 2 branches of the dungeon, and saw 5 of its levels.

You collected 159 gold pieces.

Inventory:

Missiles
 g - 6 poisoned darts
Armour
 a - a +0 robe (melded)
 i - a +0 hat (melded)
 m - a +0 pair of gloves (melded)
Jewellery
 s - a +4 ring of evasion (left front leg)
Wands
 e - a wand of flame (10)
 l - a wand of iceblast (6)
 n - a wand of mindburst (16)
Scrolls
 c - 3 scrolls of identify {unknown}
 f - a scroll of vulnerability {unknown}
 h - a scroll of enchant armour {unknown}
 j - 2 scrolls of noise {unknown}
 k - 2 scrolls of teleportation {unknown}
 r - a scroll of immolation {unknown}
Potions
 b - 3 potions of degeneration {unknown}
 d - a potion of resistance {unknown}
 o - 2 potions of mutation {unknown}
 p - a potion of cancellation {unknown}
 q - a potion of ambrosia {unknown}


   Skills:
 + Level 2.6 Fighting
 + Level 4.0 Dodging
 + Level 4.1 Unarmed Combat
 - Level 2.0 Spellcasting
 - Level 8.6 Transmutations


You had 6 spell levels left.
You knew the following spells:

 Your Spells              Type           Power      Damage    Failure   Level
a - Beastly Appendage     Tmut           54%        N/A       4%          1
b - Spider Form           Tmut/Pois      14%        N/A       28%         3

Your spell library contained the following spells:

 Spells                   Type           Power      Damage    Failure   Level
 Wereblood                Tmut           27%        N/A       5%          2
 Ice Form                 Ice/Tmut       14%        N/A       58%         4
 Leda's Liquefaction      Hex/Erth       0%         N/A       98%         4
 Malign Gateway           Summ/Tloc      0%         N/A       100%        7
 Lehudib's Crystal Spear  Conj/Erth      0%         10d2      100%        8
 Summon Horrible Things   Summ           0%         N/A       100%        8


Dungeon Overview and Level Annotations

Branches:
Dungeon (4/15)             Temple (1/1) D:4

Altars:
Ashenzari
Cheibriados
Dithmenos
Elyvilon
Fedhas
Hepliaklqana
Kikubaaqudgha
Makhleb
Nemelex Xobeh
Okawaru
Qazlal
Ru
Sif Muna
Trog
Uskayaw
Vehumet
Wu Jian
Xom
Yredelemnul
Zin
The Shining One

Annotations:
D:4 Duvessa


Innate Abilities, Weirdness & Mutations

You are a venomous arachnid creature.
You have poisonous fangs.
You are tiny and dextrous.
Your spellcasting is less reliable in this form.
Your armour is entirely melded.
You are incapable of wielding weapons or throwing items.
((You are very nimble when in or above water. (Stealth+, EV+, Speed+++)))
((Your lower body shifts to a powerful aquatic tail in water.))


Message History

Your +0 pair of gloves melds into your body.
Your +0 robe melds into your body.
Duvessa rages.
Duvessa rages.
You hit Duvessa.
Duvessa is poisoned.
Duvessa is lightly wounded.
Duvessa hits you with a +0 short sword!!
You hit Duvessa.
Duvessa looks as sick as possible!
Duvessa is lightly wounded.
Duvessa misses you. Duvessa hits you with a +0 short sword!
Duvessa completely misses you.
Your transformation is almost over.
Duvessa completely misses you.
Duvessa rages.
Duvessa completely misses you. Duvessa misses you. Duvessa barely misses you.
Your transformation has ended.
Your +0 hat unmelds from your body.
Your +0 pair of gloves unmelds from your body.
Your +0 robe unmelds from your body.
Duvessa misses you.
There is a stone staircase leading down here.
Duvessa hits you with a +0 short sword!
* * * LOW HITPOINT WARNING * * *
You see here a +0 whip.
Duvessa hits you with a +0 short sword!
* * * LOW HITPOINT WARNING * * *
You are too injured to fight recklessly!
Casting: Spider Form (dangerous; 12% risk of failure)
Confirm with . or Enter, or press ? or * to list all spells.
You turn into a venomous arachnid creature.
Your +0 hat melds into your body.
Your +0 pair of gloves melds into your body.
Your +0 robe melds into your body.
Duvessa misses you. Duvessa completely misses you. Duvessa barely misses you.
You hit Duvessa.
Duvessa looks as sick as possible!
Duvessa is severely wounded.
Duvessa hits you with a +0 short sword.
You die...

########### #.........#
#.......s.## #.<.....e..# ..
#..........# #.. ###
##########....#######... ..#
#.....# #..>.#.........
..####.....####.)..#........#
...........(..).>..'......#.#
##.###.....####....#........#
#.# ####### #....#....#.).


You could see Duvessa (berserk, extremely poisoned).

Vanquished Creatures
  Edmund (D:3)
  A scorpion (D:4)
  Dowan (D:4)
  An orc priest (D:4)
  A hound (D:4)
  2 jellies (D:3)
  Ijyb (D:4)
  7 adders
  A white imp (D:3)
  An adder zombie (D:3)
  2 worms
  2 dart slugs
  2 orcs
  3 ball pythons
  12 endoplasms
  3 giant cockroaches
  7 goblins
  4 hobgoblins
  4 jackals (D:3)
  2 quokkas
  5 bats
  4 frilled lizards
  12 kobolds
  7 rats
86 creatures vanquished.

Vanquished Creatures (others)
  9 fungi (D:3)
  6 toadstools (D:3)
15 creatures vanquished.

Grand Total: 101 creatures vanquished

Notes
Turn   | Place    | Note
-------+----------+-------------------------------------------
     0 | D:1      | PentaManta the Merfolk Transmuter began the quest for the
                  | Orb.
     0 | D:1      | Reached XP level 1. HP: 15/15 MP: 3/3
    19 | D:1      | Reached skill level 3 in Transmutations
   136 | D:1      | Found a faded altar of an unknown god.
   146 | D:1      | Reached XP level 2. HP: 17/21 MP: 3/5
   293 | D:1      | Reached skill level 4 in Transmutations
  1224 | D:1      | Reached XP level 3. HP: 26/26 MP: 4/6
  1289 | D:2      | Got the Grimoire of Stones
  1306 | D:2      | Reached skill level 5 in Transmutations
  1655 | D:2      | Reached XP level 4. HP: 24/32 MP: 7/7
  2189 | D:3      | Reached skill level 6 in Transmutations
  2867 | D:3      | Reached skill level 7 in Transmutations
  2867 | D:3      | Reached XP level 5. HP: 25/37 MP: 6/8
  3611 | D:4      | Noticed Ijyb
  3613 | D:4      | Noticed Edmund
  3633 | D:3      | Learned a level 3 spell: Spider Form
  3643 | D:4      | HP: 1/37 [Edmund/+2 dire flail of holy wrath (10)]
  3661 | D:3      | Killed Edmund
  3662 | D:3      | Reached skill level 8 in Transmutations
  3662 | D:3      | Reached XP level 6. HP: 4/43 MP: 9/9
  3952 | D:4      | Killed Ijyb
  4370 | D:4      | Found a staircase to the Ecumenical Temple.
  4376 | D:4      | Reached XP level 7. HP: 40/50 MP: 3/10
  4410 | Temple   | Entered the Ecumenical Temple
  4839 | Temple   | Became a worshipper of Makhleb the Destroyer
  4862 | D:4      | Noticed Dowan
  4864 | D:4      | Noticed Duvessa
  5048 | D:4      | Killed Dowan
  5415 | D:4      | Slain by Duvessa

Illustrated notes

Levels and vault maps discovered:
D:1:      ncdulo_watergridlock, layout_loops_ring,
          ebering_ecumenical_altar_sacrificial
D:2:      minmay_angry_zag, layout_rooms, chequers_jeans
D:3:      cheibrodos_fertilizer, layout_basic
D:4:      layout_basic, minmay_temple_entry_proselytizer,
          minmay_fractal_squares_5, uniq_ijyb, uniq_duvessa, uniq_edmund
Temple:   mainiacjoe_temple_trianglar_array

Skill      XL: |  1  2  3  4  5  6  7 |
---------------+----------------------+-----
Transmutations | 3 4 5 7 8 |  8.6
Dodging        | 3 4 |  4.0
Fighting       | 2 |  2.6
Unarmed Combat | 4 |  4.1
Spellcasting   | |  2.0

Action                   |  1- 3 |  4- 6 |  7- 9 || total
-------------------------+-------+-------+-------++-------
Melee: Unarmed           |   110 |   152 |    20 ||   282
       Headbutt          |    16 |    23 |       ||    39
       Punch             |     5 |     2 |       ||     7
 Cast: Beastly Appendage |    22 |    22 |       ||    44
       Spider Form       |       |     7 |     6 ||    13
  Use: Potion            |       |       |     3 ||     3
Armor: Robe              |    16 |    22 |       ||    38
       Skin              |       |       |     2 ||     2
Dodge: Dodged            |    56 |    86 |    35 ||   177
